 Dungeon Crawl Stone Soup version 0.28-a0-265-g048bc9fd10 (webtiles) character file.

Game seed: 11079906834352993646

400 aSlayers the Ruffian (level 6, -9/61 HPs)
             Began as a Troll Abyssal Knight on Aug 27, 2021.
             Was a Priest of Lugonu.
             Mangled by a gnoll shaman (11 damage)
             ... on level 4 of the Dungeon.
             The game lasted 00:06:34 (3234 turns).

aSlayers the Ruffian (Troll Abyssal Knight)         Turns: 3234, Time: 00:06:34

Health: -9/61      AC:  4    Str: 23    XL:     6   Next: 54%
Magic:  6/6        EV: 10    Int:  8    God:    Lugonu [***...]
Gold:   177        SH:  0    Dex:  9    Spells: 5/5 levels left

rFire   . . .      SeeInvis .     - Unarmed
rCold   . . .      Faith    .   (no shield)
rNeg    . . .      Spirit   .   a - +0 robe
rPois   .          Reflect  .   (helmet restricted)
rElec   .          Harm     .   (no cloak)
rCorr   .          Rampage  .   (gloves unavailable)
Will    .....                   (boots unavailable)
Stlth   +.........              (no amulet)
HPRegen 1.20/turn               (no ring)
MPRegen 0.10/turn               (no ring)

@: no status effects
A: large, unfitting armour, claws 3, regeneration 1, shaggy fur 1, tough skin 1
a: Renounce Religion, Depart the Abyss, Bend Space, Banish


You were on level 4 of the Dungeon.
You worshipped Lugonu.
Lugonu was most pleased with you.
You visited 1 branch of the dungeon, and saw 5 of its levels.
You visited the Abyss 1 time.

You collected 177 gold pieces.

Inventory:

Armour
 a - a +0 robe (worn)
Jewellery
 g - an amulet of guardian spirit
 q - a ring of protection from fire
Wands
 t - a wand of digging (7)
Scrolls
 b - 2 scrolls of teleportation {unknown}
 e - a scroll of summoning {unknown}
 j - a scroll of noise {unknown}
 k - a scroll of blinking {unknown}
 n - a scroll of magic mapping {unknown}
 o - a scroll of holy word {unknown}
 r - a scroll of enchant armour {unknown}
Potions
 d - a potion of heal wounds {unknown}
 h - a potion of cancellation
 i - a potion of magic
 l - a potion of mutation {unknown}
 m - 2 potions of attraction {unknown}
 p - a potion of curing
 s - a potion of lignification {unknown}


   Skills:
 + Level 3.2 Fighting
 + Level 3.1 Dodging
 + Level 0.3 Stealth
 + Level 5.5 Unarmed Combat
 + Level 1.7 Invocations


You had 5 spell levels left.
You didn't know any spells.
Your spell library was empty.

Dungeon Overview and Level Annotations

Branches:
Dungeon (5/15)             Temple (0/1) D:4

Altars:
Fedhas

Shops:
D:1 !


Innate Abilities, Weirdness & Mutations

You are too large for most types of armour.
You have claws for hands.
Your natural rate of healing is unusually fast.
You are covered in fur. (AC +1)
You have tough skin. (AC +1)


Message History

You barely miss the gnoll.
The gnoll shaman hits you with a +0 whip!
The gnoll hits you with a +0 whip!
* * * LOW HITPOINT WARNING * * *
You closely miss the gnoll.
The gnoll shaman mumbles some strange prayers to its god against you.
You resist with some effort.
As you read the scroll labelled APPOKI COHOX, it crumbles to dust.
It is a scroll of identify.
p - a potion of curing The gnoll hits you with a +0 whip.
* * * LOW HITPOINT WARNING * * *
The gnoll shaman hits you with a +0 whip.
* * * LOW HITPOINT WARNING * * *
As you read the scroll of identify, it crumbles to dust.
i - a potion of magic The gnoll closely misses you.
The gnoll shaman closely misses you.
As you read the scroll of identify, it crumbles to dust.
h - a potion of cancellation The gnoll hits you with a +0 whip.
* * * LOW HITPOINT WARNING * * *
The gnoll shaman hits you with a +0 whip.
* * * LOW HITPOINT WARNING * * *
As you read the scroll labelled QAWENO LAKICIPS, it crumbles to dust.
It is a scroll of amnesia.
You feel forgetful for a moment. The gnoll hits you with a +0 whip.
* * * LOW HITPOINT WARNING * * *
The gnoll shaman hits you but does no damage.
You start putting on your amulet.
You continue putting on your amulet of guardian spirit.
The gnoll barely misses you. The gnoll shaman closely misses you.
You continue putting on your amulet of guardian spirit.
The gnoll hits you with a +0 whip.
Keep equipping yourself?
Uppercase [Y]es or [N]o only, please.
Keep equipping yourself?
You stop putting on your amulet.
* * * LOW HITPOINT WARNING * * *
The gnoll shaman hits you with a +0 whip!
You die...

### #####.## ##..# #.##
#.#####.####.####.#.# ##.##
..##.###.# ##.#.###.# #..##
.....# #.## ##.###..## ##.#.##
##..## ##.###.###....#####.###.#
#...#####..##......#.......###.#
..##.....#####....##.......##.##
....†##...#....g..##..........#
#.).#...........@....####..#..##
#......##..#....g##..# ##..##..#
.......##.##.....###.###...###.##
.......##.##....## #..#..#..###.#
........#........# ##....##.##...
...............#.###.....##......
#.....))(..##.....##......#...##.
#.....(.###...#.#.##..........##.
............###.#....#####.......


You could see a gnoll shaman and a gnoll.

Vanquished Creatures
  A necrophage (D:5)
  A bullfrog (D:4)
  A jelly (D:4)
  An orc priest (D:4)
  A centaur skeleton (D:4)
  An iguana (D:3)
  2 adders
  An ufetubus (D:4)
  2 worms (D:2)
  3 dart slugs
  9 orcs
  5 ball pythons
  3 endoplasms
  6 giant cockroaches
  8 goblins
  11 hobgoblins
  8 jackals
  6 quokkas
  7 bats
  5 frilled lizards
  7 kobolds
  5 rats
94 creatures vanquished.

Notes
Turn   | Place    | Note
-------+----------+-------------------------------------------
     0 | Abyss:1  | aSlayers the Troll Abyssal Knight began the quest for the
                  | Orb.
     0 | Abyss:1  | Reached XP level 1. HP: 22/22 MP: 1/1
     0 | D:1      | Escaped the Abyss
   257 | D:1      | Reached * piety under Lugonu
   267 | D:1      | Reached XP level 2. HP: 29/29 MP: 2/2
   350 | D:1      | Found Xinnar's Distillery.
   611 | D:1      | Reached XP level 3. HP: 37/37 MP: 3/3
   943 | D:2      | Reached ** piety under Lugonu
  1038 | D:2      | Reached skill level 3 in Unarmed Combat
  1174 | D:2      | Reached XP level 4. HP: 45/45 MP: 4/4
  2092 | D:4      | Reached *** piety under Lugonu
  2115 | D:4      | Reached skill level 4 in Unarmed Combat
  2115 | D:4      | Reached XP level 5. HP: 52/53 MP: 5/5
  2632 | D:4      | Found a staircase to the Ecumenical Temple.
  2727 | D:4      | Reached skill level 5 in Unarmed Combat
  2727 | D:4      | Reached XP level 6. HP: 60/61 MP: 6/6
  2896 | D:4      | Found a blossoming altar of Fedhas.
  3211 | D:5      | Entered Level 5 of the Dungeon
  3231 | D:4      | HP: 3/61 [gnoll (6)]
  3234 | D:4      | Mangled by a gnoll shaman

Illustrated notes

Levels and vault maps discovered:
D:1:      mrwooster_arrival_arrow, layout_basic, serial_shops,
          nicolae_shop_waterfront
D:2:      layout_loops_cross
D:3:      layout_loops_ring
D:4:      layout_layer_cave, fedhas_altar_fruit_tree,
          minmay_temple_entry_slanted, serial_park_tiny_2
D:5:      layout_basic, chequers_big_river, uniq_duvessa

Skill      XL: |  1  2  3  4  5  6 |
---------------+-------------------+-----
Dodging        | 2 3 |  3.1
Fighting       | 3 |  3.2
Unarmed Combat | 3 4 5 |  5.5
Stealth        | |  0.3
Invocations    | |  1.7

Action                   |  1- 3 |  4- 6 || total
-------------------------+-------+-------++-------
Melee: Unarmed           |   113 |   136 ||   249
       Punch             |       |     1 ||     1
Invok: Depart the Abyss  |     1 |       ||     1
  Use: Scroll            |       |     4 ||     4
Armor: Robe              |    40 |    50 ||    90
Dodge: Dodged            |    46 |    79 ||   125

Table legend: (Time is in decaauts)
 A = Elapsed time spent in this place.
 B = Non-inter-level travel time spent in this place.
 C = Inter-level travel time spent in this place.
 D = Time resting spent in this place.
 E = Time spent auto-exploring this place.
 F = Levels seen in this place.
 G = Mean time per level.
                   A        B        C        D        E       F      G
               +--------+--------+--------+--------+--------+-----+--------+
         Total |   3217 |   3210 |      7 |      0 |   2271 |   6 |  536.2 |
       Dungeon |   3217 |   3210 |      7 |      0 |   2271 |   5 |  643.4 |
         Abyss |      0 |      0 |      0 |      0 |      0 |   1 |    0.0 |
               +--------+--------+--------+--------+--------+-----+--------+

Top non-repeatable levels by time:
     D:4: 1149 daAuts
     D:1: 813 daAuts
     D:2: 665 daAuts
     D:3: 574 daAuts
     D:5: 13 daAuts
